 Dungeon Crawl Stone Soup version 0.24.0-123-gd5b16e6ec5 (webtiles) character file.

Game seed: 10103819431474429079, levelgen mode: deterministic

71 Delamore the Chopper (level 4, 0/35 HPs)
             Began as a Formicid Fighter on Jan 3, 2020.
             Slain by Natasha (6 damage)
             ... on level 2 of the Dungeon.
             The game lasted 00:01:17 (949 turns).

Delamore the Chopper (Formicid Fighter)              Turns: 949, Time: 00:01:18

Health: 0/35       AC:  6    Str: 22    XL:     4   Next: 47%
Magic:  4/4        EV:  8    Int:  7    God:
Gold:   86         SH:  9    Dex: 10    Spells: 3/3 levels left

rFire    . . .     SeeInvis +   a - +0 war axe
rCold    . . .     Gourm    .   c - +0 shield
rNeg     . . .     Faith    .   b - +0 scale mail
rPois    .         Spirit   .   (helmet unavailable)
rElec    .         Reflect  .   (no cloak)
rCorr    .         Harm     .   (no gloves)
MR       .....                  (no boots)
Stlth    ..........             (no amulet)
HPRegen  0.11/turn              (no ring)
MPRegen  0.09/turn              (no ring)

@: no status effects
A: permanent stasis, dig shafts and tunnels, four strong arms, antennae 3
a: Dig, Shaft Self


You were on level 2 of the Dungeon.
You were not hungry.

You visited 1 branch of the dungeon, and saw 2 of its levels.

You collected 86 gold pieces.

Inventory:

Hand Weapons
 a - a +0 war axe (weapon)
Armour
 b - a +0 scale mail (worn)
 c - a +0 shield (worn)
Scrolls
 h - 2 scrolls of identify {unknown}
 n - 2 scrolls of teleportation {unknown}
 o - a scroll of amnesia {unknown}
Potions
 d - a potion of might
 e - a potion of cancellation {unknown}
 g - 2 potions of heal wounds {unknown}
 i - 2 potions of lignification {unknown}
 j - a potion of brilliance {unknown}
 l - 3 potions of curing {unknown}
 m - a potion of flight {unknown}
 p - a potion of haste {unknown}
 q - a potion of invisibility {unknown}
Comestibles
 f - 3 rations


   Skills:
 - Level 3.2 Fighting
 + Level 4.4 Axes
 - Level 3.2 Armour
 - Level 3.6 Shields


You had 3 spell levels left.
You didn't know any spells.
Your spell library was empty.

Dungeon Overview and Level Annotations

Branches:
Dungeon (2/15)

Altars:
Ashenzari
The Shining One

Annotations:
D:2 Natasha


Innate Abilities, Weirdness & Mutations

You cannot be hasted, slowed, berserked, paralysed or teleported.
You can dig through walls and to a lower floor.
Your four strong arms can wield two-handed weapons with a shield.
You have a pair of large antennae on your head. (SInv)


Message History

You feel stronger.
Natasha mumbles some strange words.
Things that are here:
a +0 dagger; a +0 robe; the human corpse of Jessica You block Natasha's attack.
The shadow imp closely misses you.
You completely miss Natasha.
Your shield and scale mail prevent you from hitting the shadow imp.
You block Natasha's attack. You block the shadow imp's attack.
You slash Natasha!
Natasha is heavily wounded.
You hit the shadow imp. Natasha misses you. The shadow imp gestures at you.
Pain shoots through your body! You block Natasha's attack.
The shadow imp gestures at you. Pain shoots through your body!
* * * LOW HITPOINT WARNING * * *
You miss Natasha.
Natasha is heavily wounded.
You slash the shadow imp! Natasha claws you.
You die...

#.........##.#
####............# ####.
.........8..8...# .....
###.........(..## .....(
#...8......8..# ......
####.............##......
#................(.......
#[.....8....5.8.!.†......
..............h@.)..)......
....###....8..8............
.... ##...........$.######
... #.##.....#.#### ...
#..##........#
...#####..#........#
.......#..#.[......#
####.....#...........#
#........#.#.........#


You could see Natasha and a shadow imp.

Vanquished Creatures
  Jessica (D:2)
  Natasha (D:2)
  An ooze (D:2)
  A ball python (D:2)
  2 bats (D:1)
  A giant cockroach (D:1)
  2 goblins
  A hobgoblin (D:2)
  3 jackals (D:1)
  2 frilled lizards (D:1)
  A kobold (D:1)
  A rat (D:2)
17 creatures vanquished.

Notes
Turn   | Place    | Note
-------+----------+-------------------------------------------
     0 | D:1      | Delamore the Formicid Fighter began the quest for the Orb.
     0 | D:1      | Reached XP level 1. HP: 18/18 MP: 1/1
   253 | D:1      | Found a shattered altar of Ashenzari.
   273 | D:1      | Reached XP level 2. HP: 21/24 MP: 2/2
   599 | D:2      | Reached skill level 3 in Axes
   654 | D:2      | Found a glowing golden altar of the Shining One.
   681 | D:2      | Noticed Natasha
   683 | D:2      | Noticed a crimson imp
   694 | D:2      | Killed Natasha
   694 | D:2      | Reached XP level 3. HP: 16/29 MP: 3/3
   924 | D:2      | Noticed Jessica
   942 | D:2      | Noticed Natasha
   943 | D:2      | Killed Jessica
   943 | D:2      | Reached skill level 4 in Axes
   943 | D:2      | Reached XP level 4. HP: 23/35 MP: 4/4
   949 | D:2      | Slain by Natasha

Levels and vault maps discovered:
D:1:      minmay_arrival_three_doors, layout_basic, ashenzari_altar_1
D:2:      layout_basic, tso_metal_star, minmay_misc_feat_plants, uniq_natasha,
          uniq_jessica

Skill      XL: |  1  2  3 |
---------------+----------+-----
Axes           | 3 4 |  4.4
Fighting       | |  3.2
Armour         | |  3.2
Shields        | |  3.6

Action                   |  1- 3 |  4- 6 || total
-------------------------+-------+-------++-------
Melee: War axe           |    67 |     3 ||    70
Armor: Scale mail        |    32 |       ||    32
Dodge: Dodged            |    22 |     2 ||    24
Block: Shield            |    28 |     4 ||    32
